 Dungeon Crawl Stone Soup version 0.29-a0-1052-g6990b1bffc (webtiles) character file.

Game seed: 16572177564818630890

32 spaghetti the Caller (level 3, -3/31 HPs)
             Began as an Ogre Summoner on Aug 17, 2022.
             Slain by an orc
             ... wielding a +0 hand axe
              (4 damage)
             ... on level 2 of the Dungeon.
             The game lasted 00:02:29 (1530 turns).

spaghetti the Caller (Ogre Summoner)                Turns: 1530, Time: 00:02:30

Health: -3/31      AC:  3    Str: 15 (18) XL:     3   Next: 27%
Magic:  0/7        EV:  9    Int: 16 (18) God:
Gold:   84         SH:  0    Dex:  6 (9)  Spells: 2/8 levels left

rFire   . . .      SeeInvis .   c - +0 hand axe {axe}
rCold   . . .      Faith    .   (no shield)
rNeg    . . .      Spirit   .   a - +0 robe
rPois   .          Reflect  .   (helmet restricted)
rElec   .          Harm     .   (no cloak)
rCorr   .          Rampage  .   (gloves unavailable)
Will    .....                   (boots unavailable)
Stlth   +.........              (no amulet)
HPRegen 0.10/turn               d - +6 ring of strength
MPRegen 0.10/turn               (no ring)

@: mighty
A: large, unfitting armour, tough skin 1
a: no special abilities


You were on level 2 of the Dungeon.
You visited 1 branch of the dungeon, and saw 2 of its levels.

You collected 84 gold pieces.


Innate Abilities, Weirdness & Mutations

You are too large for most types of armour.
You have tough skin. (AC +1)


   Skills:
 - Level 1.7 Dodging
 - Level 1.4 Stealth
 + Level 3.4 Spellcasting
 + Level 4.1 Summonings


You had 2 spell levels left.
You knew the following spells:

 Your Spells              Type           Power      Damage    Failure   Level
a - Summon Small Mammal   Summ           60%        N/A       3%          1
b - Call Imp              Summ           15%        N/A       4%          2
c - Call Canine Familiar  Summ           15%        N/A       10%         3

Your spell library contained the following spells:

 Spells                   Type           Power      Damage    Failure   Level
 Summon Guardian Golem    Hex/Summ       9%         N/A       22%         3
 Summon Lightning Spire   Summ/Air       9%         N/A       58%         4

Inventory:

Hand Weapons
 c - a +0 hand axe (weapon) {axe}
   (You found it on level 1 of the Dungeon)
Missiles
 f - 4 poisoned darts {throwing}
 h - 18 stones {throwing}
Armour
 a - a +0 robe (worn)
Jewellery
 d - a +6 ring of strength (left hand)
   (You found it on level 1 of the Dungeon)
Scrolls
 i - a scroll of poison {unknown}
Potions
 b - a potion of magic

Dungeon Overview and Level Annotations

Branches:
Dungeon (2/15) Zot: 10454

Altars:

#.......#
#.......#
#.......#
#.......# #
#.......# #.#
#.#.b{o...# #.#
#.#.oho...#.. #.#
#...)@r...... #.#
###...5.####. #.#
#..#### #.#
######..# #
##.####.......#
###.......#######
.....######
.###.# ..##.#


You could see 2 orc priests, an orc (ally target), a friendly hound (summoned),
a friendly white imp (summoned), a friendly quokka (summoned) and a friendly bat
(summoned).


Message History

You now have 84 gold pieces (gained 8).
j - a yellow potion An orc comes into view.
It is wielding a +0 flail of protection.
An orc is nearby!
An orc is nearby!
An orc priest and 2 orcs come into view.
The orc priest shouts!
The orc shouts!
An orc priest and an orc wizard come into view.
The orc priest looks encouraged for a moment.
The orc hits you with a +0 flail of protection. 😕 HP[-1]
You take 1 damage, and now have 30/31 hp.
The orc priest shouts!
You hit the orc.
The orc hits you with a +0 flail of protection.
The orc priest invokes the aid of Beogh against you.
Beogh smites you! 😮 HP[-13]
You take 13 damage, and now have 17/31 hp.
MASSIVE DAMAGE!! (PAUSE)
Casting: Call Canine Familiar (quite dangerous; 9% risk of failure)
Confirm with . or Enter, or press ? or * to list all spells.
The spell is quite dangerous to miscast (9% risk of failure)!
Continue anyway?
The orc hits you but does no damage. The orc closely misses you.
There are monsters nearby! 😮 MP[-3]
You lost 3 mp, and now have 4/7 mp.
Casting: Call Canine Familiar (quite dangerous; 9% risk of failure)
Confirm with . or Enter, or press ? or * to list all spells.
A beastly little devil appears in a puff of frigid air.
The orc completely misses you.
Your hound misses the orc. 😮 MP[-2]
You lost 2 mp, and now have 2/7 mp.
Casting: Call Imp (safe; 4% risk of failure)
Confirm with . or Enter, or press ? or * to list all spells.
Your hound bites the orc.
The orc barely misses you. x2
The orc closely misses your bat.
The orc hits your hound but does no damage.
The orc priest closely misses you.
Your white imp hits the orc.
Your white imp freezes the orc.
The orc dies! 😮 MP[-1]
You lost 1 mp, and now have 1/7 mp.
Casting: Summon Small Mammal (safe; 3% risk of failure)
Confirm with . or Enter, or press ? or * to list all spells.
Your bat hits the orc. The orc closely misses you.
The orc wizard gestures wildly while chanting.
The orc wizard flickers and vanishes!
Deactivating autopickup; reactivate with Ctrl-A.
The orc hits you with a +0 hand axe.
* * * LOW HITPOINT WARNING * * *
The orc hits your hound with a +0 hand axe.
The orc priest hits you but does no damage.
Your hound bites the orc but does no damage. 😨 HP[-4] MP[-1]
You take 4 damage, and now have 13/31 hp.
You lost 1 mp, and now have 0/7 mp.
Unknown command.
Unknown command.
It was a potion of curing.
You feel better.
Your bat hits the orc.
Your hound bites the orc.
The orc hits you with a +0 flail of protection!
* * * LOW HITPOINT WARNING * * *
The orc hits you with a +0 hand axe.
* * * LOW HITPOINT WARNING * * *
The orc hits your hound but does no damage.
The orc priest hits you but does no damage.
You hear some strange, mumbled words.
Your hound resists with significant effort.
Your quokka bites the orc but does no damage.
Your hound barely misses something.
Your white imp hits the orc.
Your white imp freezes the orc.
The orc dies! 😨 HP[-5]
You take 5 damage, and now have 8/31 hp.
Unknown command.
It was a potion of degeneration.
There was something very wrong with that liquid.
You feel weakened.
You feel dopey.
You feel clumsy.
Your bat hits the orc.
Your bat hits something but does no damage.
The orc priest invokes the aid of Beogh against you.
Your hound writhes in agony!
The orc priest hits you with a +0 dagger.
* * * LOW HITPOINT WARNING * * *
The orc hits you with a +0 hand axe.
* * * LOW HITPOINT WARNING * * *
The orc hits your hound with a +0 hand axe.
The orc closely misses your bat. Something hits your hound.
Your hound closely misses the orc priest. 😱 HP[-7]
You take 7 damage, and now have 1/31 hp.
MASSIVE DAMAGE!! (PAUSE) It was a potion of might.
You feel very mighty all of a sudden.
Your hound bites the orc priest but does no damage.
Your bat barely misses the orc.
The orc priest miscasts a cantrip.
The orc priest closely misses you. The orc hits you with a +0 hand axe.
You die...

Skill      XL: |  1  2 |
---------------+-------+-----
Spellcasting   | 3 |  3.4
Summonings     | 4 |  4.1
Dodging        | |  1.7
Stealth        | |  1.4

Action                   || total
-------------------------++-------
Melee: Hand axe          ||    52
       Punch             ||     1
 Cast: Summon Small Mamm ||    15
       Call Canine Famil ||     2
       Call Imp          ||     1
  Use: Potion            ||     3
 Stab: Sleeping          ||     2
Armor: Robe              ||    20
Dodge: Dodged            ||    39

Levels and vault maps discovered:
D:1:      nzn_arrival_crosshair, layout_basic
D:2:      cheibrodos_pilgrimage, layout_rooms,
          shapermc_ecumenical_altar_totnotflames

Notes
Turn   | Place    | Note
-------+----------+-------------------------------------------
     0 | D:1      | spaghetti the Ogre Summoner began the quest for the Orb.
     0 | D:1      | Reached XP level 1. HP: 16/16 MP: 3/3
     0 | D:1      | magus.rc [v1.9.6]
   447 | D:1      | Reached XP level 2. HP: 15/24 MP: 5/5
   588 | D:1      | HP: 6/24 [quokka (1)]
   590 | D:1      | Reached skill level 3 in Spellcasting
  1016 | D:1      | Reached skill level 4 in Summonings
  1043 | D:1      | magus.rc [v1.9.6]
  1143 | D:1      | Learned a level 2 spell: Call Imp
  1392 | D:2      | Reached XP level 3. HP: 29/31 MP: 4/7
  1397 | D:2      | Learned a level 3 spell: Call Canine Familiar
  1460 | D:2      | Found a faded altar of an unknown god.
  1529 | D:2      | HP: 6/31 [orc priest/+0 dagger (2)]
  1529 | D:2      | HP: 1/31 [orc/+0 hand axe (5)]
  1530 | D:2      | Slain by an orc

Vanquished Creatures
  A dart slug (D:1)
  2 endoplasms (D:1)
  A giant cockroach (D:1)
  3 goblins (D:1)
  A hobgoblin (D:2)
  A kobold (D:1)
  A quokka (D:1)
  2 ball pythons (D:1)
  A rat (D:2)
13 creatures vanquished.

Vanquished Creatures (collateral kills)
  2 orcs (D:2)
  An endoplasm (D:1)
  A goblin (D:1)
  2 hobgoblins (D:2)
  2 kobolds
  A quokka (D:1)
  A ball python (D:1)
  A rat (D:1)
11 creatures vanquished.

Grand Total: 24 creatures vanquished

Table legend:
 A = Non-vault XP
 B = Vault XP
 C = Vault XP percentage of total XP
 D = Non-vault monster count
 E = Vault monster count
 F = Vault count percentage of total count
                 A         B        C        D         E       F
            +---------+---------+-------+---------+---------+-------
      Total |      41 |       6 |  12.8 |      22 |       2 |   8.3
            +---------+---------+-------+---------+---------+-------
        D:1 |      32 |       0 |   0.0 |      17 |       0 |   0.0
        D:2 |       9 |       6 |  40.0 |       5 |       2 |  28.6
            +---------+---------+-------+---------+---------+-------

Illustrated notes

Table legend:
 A = Kills in this place as a percentage of kills in entire the game.
 B = Kills by you in this place as a percentage of kills by you in the entire game.
 C = Kills by friends in this place as a percentage of kills by friends in the entire game.
 D = Other kills in this place as a percentage of other kills in the entire game.
 E = Experience gained in this place as a percentage of experience gained in the entire game.
 F = Experience gained in this place divided by the number of levels of this place that you have seen.
                   A       B       C       D       E      F
               +-------+-------+-------+-------+-------+----------------------
         Total | 100.0 | 100.0 | 100.0 |   N/A | 100.0 |  23.5
       Dungeon | 100.0 | 100.0 | 100.0 |   N/A | 100.0 |  23.5
               +-------+-------+-------+-------+-------+----------------------

Table legend: (Time is in decaauts)
 A = Elapsed time spent in this place.
 B = Non-inter-level travel time spent in this place.
 C = Inter-level travel time spent in this place.
 D = Time resting spent in this place.
 E = Time spent auto-exploring this place.
 F = Levels seen in this place.
 G = Mean time per level.
                   A        B        C        D        E       F      G
               +--------+--------+--------+--------+--------+-----+--------+
         Total |   1544 |   1526 |     18 |      0 |   1317 |   2 |  772.0 |
       Dungeon |   1544 |   1526 |     18 |      0 |   1317 |   2 |  772.0 |
               +--------+--------+--------+--------+--------+-----+--------+

Top non-repeatable levels by time:
     D:1: 1392 daAuts
     D:2: 151 daAuts
